 Dungeon Crawl Stone Soup version 0.24-a0-506-g958ff8eaa0 (webtiles) character file.

Game seed: 3480384083470363474

16167 Froggeryz the Impaler (level 12, -3/94 HPs)
             Began as a Merfolk Skald on July 13, 2019.
             Was the Champion of Okawaru.
             Slain by a wolf (9 damage)
             ... on level 3 of the Lair of Beasts on July 18, 2019.
             The game lasted 00:30:33 (14502 turns).

Froggeryz the Impaler (Merfolk Skald)              Turns: 14502, Time: 00:30:34

Health: -3/94      AC: 12    Str: 16    XL:     12   Next: 34%
Magic:  20/20      EV: 16    Int: 12    God:    Okawaru [******]
Gold:   801        SH:  0    Dex: 14    Spells: 18/21 levels left

rFire    . . .     SeeInvis +   D - +1 halberd
rCold    + . .     Gourm    +   (shield currently unavailable)
rNeg     . . .     Faith    .   F - +2 scale mail {rC+}
rPois    +         Spirit   .   q - +0 hat
rElec    .         Reflect  .   A - scarf {cloud immunity}
rCorr    .         Harm     .   H - +0 pair of gloves
MR       .....                  l - +1 pair of boots
Stlth    ..........             M - amulet of the gourmand
HPRegen  0.25/turn              g - ring of poison resistance
MPRegen  0.17/turn              j - ring of see invisible

@: singing
A: change form in water, swift swim, stealthy swim
a: Heroism, Finesse, Renounce Religion


You were on level 3 of the Lair of Beasts.
You worshipped Okawaru.
Okawaru was exalted by your worship.
You were very full.

You visited 3 branches of the dungeon, and saw 13 of its levels.
You also visited: Sewer and Ossuary.

You collected 801 gold pieces.

Inventory:

Hand Weapons
 D - a +1 halberd (weapon)
 O - a +1 hand axe of flaming
Missiles
 m - 6 boomerangs (quivered)
 v - 6 javelins
Armour
 l - a +1 pair of boots (worn)
 q - a +0 hat (worn)
 A - a scarf of cloud immunity (worn)
 F - a +2 scale mail of cold resistance (worn)
 H - a +0 pair of gloves (worn)
 P - a +0 cloak
Jewellery
 g - a ring of poison resistance (left hand)
 i - an uncursed ring of wizardry
 j - a ring of see invisible (right hand)
 w - an uncursed ring of magical power
 y - an uncursed ring of positive energy
 z - an uncursed ring of resist corrosion
 B - an uncursed ring of fire
 J - a +2 ring of evasion
 M - an amulet of the gourmand (around neck)
Wands
 a - a wand of flame (3)
 n - a wand of iceblast (15)
 C - a wand of digging (3)
 N - a wand of acid (10)
Scrolls
 e - 8 scrolls of identify
 f - 4 scrolls of enchant armour
 h - a scroll of enchant weapon
 r - 9 scrolls of remove curse
 s - 4 scrolls of magic mapping
 t - a scroll of blinking
 x - 2 scrolls of amnesia
Potions
 b - 2 potions of ambrosia
 c - 6 potions of curing
 k - a potion of brilliance
 o - a potion of heal wounds
 p - 4 potions of mutation
 u - 5 potions of flight {unknown}
 E - 4 potions of haste
 I - 2 potions of lignification {unknown}
Comestibles
 d - 26 rations


   Skills:
 - Level 8.3 Fighting
 - Level 16.0 Polearms
 - Level 5.0 Armour
 + Level 11.3 Dodging
 + Level 5.3 Spellcasting
 + Level 8.9 Charms


You had 18 spell levels left.
You knew the following spells:

 Your Spells              Type           Power        Failure   Level  Hunger
a - Infusion              Chrm           ###.         1%          1    None
b - Song of Slaying       Chrm           ###.....     2%          2    ##.....

Your spell library contained the following spells:

 Spells                   Type           Power        Failure   Level  Hunger
 Shroud of Golubria       Chrm/Tloc      ##....       16%         2    ##.....
 Regeneration             Chrm/Necr      ##........   30%         3    ###....
 Spectral Weapon          Hex/Chrm       ##......     30%         3    ###....
 Magic Dart               Conj           #...         54%         1    None
 Shock                    Conj/Air       #...         54%         1    None
 Searing Ray              Conj           #.....       67%         2    ##.....
 Dazzling Spray           Conj/Hex       #.....       88%         3    ###....
 Force Lance              Conj/Tloc      #.......     99%         4    ####...
 Fulminant Prism          Conj/Hex       #.........   99%         4    ####...
 Iskenderun's Mystic Bla  Conj           #.......     99%         4    ####...


Dungeon Overview and Level Annotations

Branches:
Dungeon (9/15)             Temple (1/1) D:5            Lair (3/6) D:9
 Shoals (0/4) Lair:2
  Snake: Lair:2-4    Spider: Lair:2-4       Orc: D:9-12

Altars:
Ashenzari
Cheibriados
Dithmenos
Elyvilon
Hepliaklqana
Kikubaaqudgha
Makhleb
Nemelex Xobeh
Okawaru
Qazlal
Ru
Sif Muna
Trog
Uskayaw
Vehumet
Wu Jian
Xom
Yredelemnul
Zin
The Shining One

Shops:
D:4 [

Annotations:
D:4 Dowan, Duvessa
D:8 1 runed translucent door, loom's ghost, novice TrMo


Message History

* * * LOW HITPOINT WARNING * * *
The wolf barely misses you.
You closely miss the wolf. The wolf misses you.
The wolf bites you but does no damage. The wolf bites you.
* * * LOW HITPOINT WARNING * * *
You miss the wolf. The wolf closely misses you.
The wolf stops to sniff the ground.
The wolf bites you but does no damage.
You miss the wolf. The wolf closely misses you. The wolf completely misses you.
You impale the wolf!!
You kill the wolf!
Okawaru accepts your kill. The wolf bites you.
* * * LOW HITPOINT WARNING * * *
The wolf closely misses you.
You see here a wolf corpse.
You barely miss the wolf. The wolf bites you!
* * * LOW HITPOINT WARNING * * *
You closely miss the wolf. The wolf bites you!
You die...

#..#.......#....##
##.#.............# .#
##..#.# #.##.....#####.#
#..#..###...#...........
#.......................
##......................
#.....÷................
#.........÷÷...........
#.........÷..@h<.......
#..............†###...##
##..............# ..#
..##...#.#.....# # #P.
##............
#.....##....#.. ......
#.....#P .. .....#
#.....#


You could see a wolf.

Vanquished Creatures
  A hydra (Lair:1)
  A two-headed ogre (D:8)
  An unseen horror (D:8)
  Pikel (D:7)
  2 deep elf magi (D:9)
  A merfolk siren (Lair:2)
  3 spiny frogs
  2 komodo dragons
  A merfolk (Lair:2)
  5 blink frogs (Lair:3)
  4 hippogriffs
  A spriggan (D:7)
  Sigmund (D:6)
  3 basilisks
  12 yaks
  2 wyverns (D:8)
  4 water moccasins
  4 porcupines
  3 slaves (D:7)
  2 black bears
  5 orc warriors
  2 sky beasts
  3 phantoms
  An ice beast (D:9)
  9 wolves (Lair:3)
  3 ogres
  A necrophage (D:7)
  3 centaurs
  3 crocodiles
  4 big kobolds
  9 bullfrogs
  10 scorpions
  5 electric eels
  8 wights
  3 howler monkeys
  5 crimson imps
  A centaur zombie (Ossuary)
  3 hounds
  A bullfrog zombie (D:7)
  3 human zombies (Ossuary)
  5 orc priests
  5 jellies
  2 iguanas
  4 worker ants
  8 orc wizards
  2 big kobold zombies (Ossuary)
  3 mummies (Ossuary)
  A worker ant zombie (D:6)
  9 adders
  A howler monkey skeleton (D:8)
  2 river rats
  A scorpion zombie (Ossuary)
  3 oozes (D:1)
  An adder zombie (D:8)
  An adder skeleton (D:8)
  A worm (D:5)
  4 dart slugs
  7 leopard geckos
  14 orcs
  6 giant cockroaches
  A gnoll zombie (Ossuary)
  9 goblins
  7 jackals
  18 kobolds
  4 quokkas
  A ball python (D:2)
  8 bats
  3 frilled lizards
  A giant cockroach zombie (D:6)
  2 goblin zombies
  2 hobgoblin zombies (Ossuary)
  2 kobold zombies (Ossuary)
  A leopard gecko skeleton (D:8)
  3 orc zombies (Ossuary)
  10 rats
  A rat zombie (D:7)
  4 fungi (D:7)
293 creatures vanquished.

Vanquished Creatures (others)
  7 fungi (Lair:3)
  2 plants
9 creatures vanquished.

Grand Total: 302 creatures vanquished

Notes
Turn   | Place    | Note
-------+----------+-------------------------------------------
     0 | D:1      | Froggeryz the Merfolk Skald began the quest for the Orb.
     0 | D:1      | Reached XP level 1. HP: 16/16 MP: 3/3
   174 | D:1      | Reached XP level 2. HP: 23/23 MP: 5/5
   184 | D:1      | Reached skill level 4 in Polearms
   352 | D:1      | Reached XP level 3. HP: 26/28 MP: 6/6
   727 | D:2      | Found a burning altar of Makhleb.
   854 | D:2      | Reached skill level 5 in Polearms
   933 | D:2      | Reached XP level 4. HP: 22/35 MP: 7/7
  1865 | D:3      | Reached skill level 6 in Polearms
  2183 | D:3      | Reached XP level 5. HP: 41/41 MP: 8/8
  2413 | D:4      | Noticed Dowan
  2414 | D:4      | Noticed Duvessa
  2424 | D:4      | Found Bega Vogid's Armour Shop.
  3079 | D:4      | Noticed a phantom
  3169 | D:4      | Killed a phantom
  3169 | D:4      | Reached skill level 7 in Polearms
  3169 | D:4      | Reached XP level 6. HP: 15/49 MP: 9/9
  3684 | D:5      | Entered Level 5 of the Dungeon
  4019 | D:5      | Reached skill level 8 in Polearms
  4021 | D:5      | Found an ancient bone altar of Kikubaaqudgha.
  4024 | D:5      | Found a glowing silver altar of Zin.
  4024 | D:5      | Found an ornate altar of the Wu Jian Council.
  4553 | D:5      | Reached XP level 7. HP: 55/55 MP: 10/10
  4603 | D:5      | Reached skill level 5 in Fighting
  4603 | D:5      | Reached skill level 9 in Polearms
  4900 | D:5      | Found a deep blue altar of Sif Muna.
  5035 | D:5      | Reached skill level 10 in Polearms
  5036 | D:5      | Identified Sif Muna's Reference Book on Lightness
  5168 | D:5      | Found a staircase to the Ecumenical Temple.
  5182 | D:5      | Reached XP level 8. HP: 29/64 MP: 11/11
  5188 | Temple   | Entered the Ecumenical Temple
  5209 | Temple   | Became a worshipper of Warmaster Okawaru
  5292 | D:5      | Reached skill level 11 in Polearms
  5463 | D:6      | Reached * piety under Okawaru
  5463 | D:6      | Reached skill level 12 in Polearms
  5563 | D:6      | Noticed Sigmund
  5572 | D:6      | Killed Sigmund
  5572 | D:6      | Reached XP level 9. HP: 72/72 MP: 12/12
  5647 | D:6      | Reached skill level 13 in Polearms
  5675 | D:6      | Found a glowing drain.
  5679 | Sewer    | Entered a sewer
  5762 | Sewer    | Found a white marble altar of Elyvilon.
  6318 | D:7      | Found a sand-covered staircase.
  6327 | Ossuary  | Entered an ossuary
  6674 | Ossuary  | Reached ** piety under Okawaru
  6683 | Ossuary  | Reached skill level 14 in Polearms
  7061 | D:7      | Upgraded the game from 0.24-a0-496-gbe733cd003 to
                  | 0.24-a0-506-g958ff8eaa0
  7195 | D:7      | Noticed Pikel
  7213 | D:7      | Killed Pikel
  7213 | D:7      | Reached skill level 1 in Armour
  7227 | D:7      | Reached skill level 15 in Polearms
  7227 | D:7      | Reached XP level 10. HP: 59/81 MP: 13/13
  7708 | D:7      | Reached *** piety under Okawaru
  7708 | D:7      | Reached skill level 5 in Dodging
  7787 | D:7      | Found a shadowy altar of Dithmenos.
  8403 | D:8      | Killed an unseen horror
  8726 | D:8      | Reached skill level 16 in Polearms
  8764 | D:8      | Found a runed translucent door.
  8764 | D:8      | Found a shimmering altar of Xom.
  8764 | D:8      | Noticed loom's ghost (novice TrMo)
  8764 | D:8      | Noticed a +0 rapier of chaos
  9147 | D:8      | Reached **** piety under Okawaru
  9154 | D:8      | Noticed a two-headed ogre
  9174 | D:8      | Killed a two-headed ogre
  9308 | D:8      | Reached skill level 5 in Charms
  9322 | D:8      | Reached XP level 11. HP: 78/87 MP: 14/14
  9355 | D:8      | Noticed a six-headed hydra
  9761 | D:9      | Found a white marble altar of Elyvilon.
 10237 | D:9      | Found a radiant altar of Vehumet.
 10238 | D:9      | Found a burning altar of Makhleb.
 10294 | D:9      | Reached ***** piety under Okawaru
 10567 | D:9      | Found a hide-covered altar of Uskayaw.
 10659 | D:9      | Learned a level 2 spell: Song of Slaying
 10696 | D:9      | Found a staircase to the Lair.
 10799 | D:9      | Noticed a deep elf mage
 10800 | D:9      | Noticed a deep elf mage
 10808 | D:9      | Killed a deep elf mage
 10821 | D:9      | Killed a deep elf mage
 10846 | D:9      | Found a sparkling altar of Nemelex Xobeh.
 11018 | Lair:1   | Entered Level 1 of the Lair of Beasts
 11030 | D:9      | Reached skill level 5 in Armour
 11661 | Lair:1   | Noticed a four-headed hydra
 11670 | Lair:1   | Killed a one-headed hydra
 12498 | Lair:3   | Reached skill level 10 in Dodging
 12545 | Lair:3   | Received a gift from Okawaru
 13195 | Lair:3   | Reached XP level 12. HP: 79/94 MP: 18/18
 13890 | Lair:2   | Reached ****** piety under Okawaru
 14040 | Lair:2   | Reached skill level 5 in Spellcasting
 14045 | Lair:2   | Found a staircase to the Shoals.
 14502 | Lair:3   | Slain by a wolf

Levels and vault maps discovered:
D:1:      ncdulo_wetmaze, layout_loops_ring
D:2:      minmay_wonky_spiral, layout_loops_cross, first_ration, bloody_makhleb
D:3:      layout_loops_ring, serial_co_window_serial, co_window_paths_a,
          co_window_cross_1, co_window_paths_a, co_window_paths_a,
          co_window_paths_b, co_window_corner_a, co_window_corner_cb,
          co_window_broadway_c, co_window_broadway_a,
          co_window_of_opportunity_b, co_window_paths_c, co_window_2corner,
          glass_columns_a, glass_columns_a, glass_columns_b, minmay_circle_x
D:4:      layout_cave_pods, serial_shops, shop, uniq_duvessa
D:5:      layout_loops_ring, led_sif_book, minitemple, temple_green,
          kennysheep_doodads, nrook_uturn
D:6:      layout_loops_ring, gup_sewer_entry_bowl, chequers_decorated_corner,
          supply_closet_lemuel, bh_walls_and_bars, uniq_sigmund
D:7:      layout_loops_ring, grunt_dithmenos_shadows, enter_ossuary_4,
          the_bakery, water_boxes_lemuel, uniq_pikel
D:8:      minmay_quarter_circles, layout_basic, ebering_ghost_xom
D:9:      layout_big_octagon, grunt_temple_overflow_lords_of_destruction,
          nicolae_overflow_hidden_temple, dpeg_oklobed_lair,
          david_defended_altar_elf
Temple:   minmay_temple_bridge_abc
Lair:1:   layout_hall_layers, chequers_serial_rivers_micro_b,
          nicolae_quartered_pool_medium, disabler_island
Lair:2:   layout_regular_city, elwin_shoals_entry_rooms, serial_bayou_shore_a
Lair:3:   layout_regular_city, grunt_forest_large_clearings

Skill      XL: |  1  2  3  4  5  6  7  8  9 10 11 12 |
---------------+-------------------------------------+-----
Polearms       | 4 5 6 7 8 10 12 15 16 | 16.0
Fighting       | 3 4 6 7 8 |  8.3
Dodging        | 4 7 10 11 | 11.3
Armour         | 2 4 5 |  5.0
Charms         | 5 8 |  8.9
Spellcasting   | 4 5 |  5.3

Action                   |  1- 3 |  4- 6 |  7- 9 | 10-12 || total
-------------------------+-------+-------+-------+-------++-------
Melee: Spear             |   135 |   382 |       |       ||   517
       Halberd           |       |    20 |   394 |   728 ||  1142
       Hand axe          |       |       |       |     5 ||     5
       Tailslap          |       |       |       |     1 ||     1
Throw: Boomerang         |       |    10 |     8 |     7 ||    25
 Cast: Infusion          |       |     1 |       |     3 ||     4
       Song of Slaying   |       |       |       |     1 ||     1
Evoke: Wand              |       |       |       |    18 ||    18
  Use: Potion            |     1 |     2 |     4 |     8 ||    15
       Scroll            |       |     1 |     5 |    13 ||    19
 Stab: Distracted        |     1 |       |     1 |       ||     2
       Sleeping          |     1 |     1 |     2 |       ||     4
       Paralysed         |       |       |       |     2 ||     2
  Eat: Chunk             |       |     9 |     5 |    30 ||    44
       Ration            |       |     1 |     1 |     1 ||     3
Armor: Leather armour    |    27 |    76 |    93 |    89 ||   285
       Scale mail        |       |       |       |    77 ||    77
Dodge: Dodged            |    62 |   130 |   155 |   428 ||   775

Table legend:
 A = Non-vault XP
 B = Vault XP
 C = Vault XP percentage of total XP
 D = Non-vault monster count
 E = Vault monster count
 F = Vault count percentage of total count
                 A         B        C        D         E       F
            +---------+---------+-------+---------+---------+-------
      Total |   15170 |    7927 |  34.3 |     189 |      97 |  33.9
            +---------+---------+-------+---------+---------+-------
        D:1 |      41 |       0 |   0.0 |      15 |       0 |   0.0
        D:2 |      51 |      16 |  23.9 |      16 |       2 |  11.1
        D:3 |      56 |       7 |  11.1 |      21 |       4 |  16.0
        D:4 |     215 |       0 |   0.0 |       5 |       0 |   0.0
        D:5 |     962 |      70 |   6.8 |      21 |       2 |   8.7
        D:6 |     963 |     226 |  19.0 |      25 |       5 |  16.7
        D:7 |    1142 |     998 |  46.6 |      15 |       5 |  25.0
        D:8 |    1787 |    2290 |  56.2 |      17 |      21 |  55.3
        D:9 |    1966 |    1154 |  37.0 |      19 |       3 |  13.6
     Lair:1 |    2282 |     369 |  13.9 |       9 |       4 |  30.8
     Lair:2 |    2424 |     740 |  23.4 |      12 |       2 |  14.3
     Lair:3 |    3281 |    1048 |  24.2 |      14 |       9 |  39.1
      Sewer |       0 |     127 | 100.0 |       0 |      12 | 100.0
    Ossuary |       0 |     882 | 100.0 |       0 |      28 | 100.0
            +---------+---------+-------+---------+---------+-------
